ABL
GEELONG CATS @ WESTS TIGERS
06/17/2022
 
TOP OF THE 1ST
Geelong Cats batting - Pitching for Wests Tigers : RHP Matt Bracher
Pitching: RHP Matt Bracher
Batting: LHB Bradley Patu 0-0: Foul Ball, location: 7LMF
0-1: SINGLE (Flyball, 89S, EV 93.8 MPH)
Batting: RHB Brandon Horopapera 0-0: Ball
1-0: Ball
2-0: Swinging Strike
2-1: Ball
3-1: Fly out, F9 (Flyball, 9, EV 85.0 MPH)
Batting: LHB Coty Teevan 0-0: Swinging Strike
0-1: Ball
1-1: Ball
2-1: Ball
3-1: Base on Balls
Bradley Patu to second
Batting: RHB Brian Telfer 0-0: Called Strike
0-1: Swinging Strike
0-2: Ball
1-2: Strikes out looking
Batting: LHB Freddy Marley 0-0: Ball
1-0: Swinging Strike
1-1: Ball
2-1: Ground out 3-1 (Groundball, 34S, EV 83.1 MPH)
Top of the 1st over - 0 runs, 1 hit, 0 errors, 2 left on base; Geelong 0 - Wests 0
BOTTOM OF THE 1ST
Wests Tigers batting - Pitching for Geelong Cats : RHP Con Jackson
Pitching: RHP Con Jackson
Batting: RHB Luke Fowke 0-0: Called Strike
0-1: Called Strike
0-2: Foul Ball, location: 9LMF
0-2: Foul Ball, location: 5F
0-2: Ball
1-2: Foul Ball, location: 5F
1-2: Ground out 6-3 (Groundball, 6, EV 91.3 MPH)
Batting: RHB Joel Farrell 0-0: Ground out 6-3 (Groundball, 6, EV 81.3 MPH)
Batting: LHB Greyson Leeder 0-0: Called Strike
0-1: DOUBLE (Groundball, 3L, EV 105.0 MPH)
Batting: LHB Daniel Bryan 0-0: Ball
1-0: SINGLE (Line Drive, 89M, EV 104.4 MPH)
Greyson Leeder to third
Runner from 3rd tries for Home, SAFE, throw by RF to home
Batting: LHB Rapata Kaulo 0-0: Single, Error in OF, E8, batter to second base (Line Drive, 8LS, EV 103.8 MPH)
Daniel Bryan to third
Batting: RHB Joe Champion 0-0: SINGLE (Line Drive, 89S, EV 105.6 MPH)
Daniel Bryan scores
Rapata Kaulo to third
Batting: RHB Shane Esmond 0-0: Fly out, F8 (Flyball, 8RD, EV 99.4 MPH)
Bottom of the 1st over - 2 runs, 4 hits, 1 error, 2 left on base; Geelong 0 - Wests 2
TOP OF THE 2ND
Geelong Cats batting - Pitching for Wests Tigers : RHP Matt Bracher
Batting: RHB Frederick Ella 0-0: Ground out 3-1 (Groundball, 34, EV 105.6 MPH)
Batting: RHB Rusty Corey 0-0: Ball
1-0: Foul Ball, location: 9LMF
1-1: Ball
2-1: Foul Ball, location: 3F
2-2: Ball
3-2: Ground out 5-3 (Groundball, 56S, EV 83.1 MPH)
Batting: RHB Erik Lucking 0-0: Called Strike
0-1: Ball
1-1: Ball
2-1: Foul Ball, location: 25F
2-2: Ball
3-2: Foul Ball, location: 2RF
3-2: Foul Ball, location: 7LMF
3-2: Ground out 5-3 (Groundball, 56, EV 95.6 MPH)
Top of the 2nd over - 0 runs, 0 hits, 0 errors, 0 left on base; Geelong 0 - Wests 2
BOTTOM OF THE 2ND
Wests Tigers batting - Pitching for Geelong Cats : RHP Con Jackson
Batting: RHB Paul Llewellyn 0-0: Fly out, F6 (Line Drive, 6M, EV 75.6 MPH)
Batting: SHB Matt Bracher 0-0: Fly out, F6 (Popup, 6, EV 65.6 MPH)
Batting: RHB Luke Fowke 0-0: Ball
1-0: Foul Ball, location: 2F
1-1: Ball
2-1: Foul Ball, location: 2F
2-2: Fly out, F8 (Flyball, 78M, EV 95.0 MPH)
Bottom of the 2nd over - 0 runs, 0 hits, 0 errors, 0 left on base; Geelong 0 - Wests 2
TOP OF THE 3RD
Geelong Cats batting - Pitching for Wests Tigers : RHP Matt Bracher
Batting: RHB Con Jackson 0-0: Ground out 1-3 (Groundball, 13, EV 67.5 MPH)
Batting: LHB Bradley Patu 0-0: Ball
1-0: Ball
2-0: Ball
3-0: Base on Balls
Batting: RHB Brandon Horopapera 0-0: Ball
1-0: Foul Ball, location: 2F
1-1: Hit by Pitch
Bradley Patu to second
Batting: LHB Coty Teevan 0-0: Ball
1-0: Ball
2-0: Ball
3-0: Called Strike
3-1: Base on Balls
Bradley Patu to third
Brandon Horopapera to second
Batting: RHB Brian Telfer 0-0: Ball
1-0: Fly out, F6 (Popup, 15, EV 76.3 MPH)
Batting: LHB Freddy Marley 0-0: Ball
1-0: Foul Ball, location: 7LMF
1-1: Fly out, F5 (Popup, 5SF, EV 84.4 MPH)
Top of the 3rd over - 0 runs, 0 hits, 0 errors, 3 left on base; Geelong 0 - Wests 2
BOTTOM OF THE 3RD
Wests Tigers batting - Pitching for Geelong Cats : RHP Con Jackson
Batting: RHB Joel Farrell 0-0: Ball
1-0: TRIPLE (Flyball, 89XD, EV 105.6 MPH)
Batting: LHB Greyson Leeder 0-0: Ball
1-0: Ball
2-0: Ball
3-0: Called Strike
3-1: Fly out, F7 (Flyball, 7D, EV 90.6 MPH)
Runner from 3rd tags up, SCORES, no throw by LF
Batting: LHB Daniel Bryan 0-0: Called Strike
0-1: Ball
1-1: Foul Ball, location: 3F
1-2: DOUBLE (Line Drive, 89D, EV 104.4 MPH)
Batting: LHB Rapata Kaulo 0-0: Swinging Strike
0-1: Foul Ball, location: 3F
0-2: Ball
1-2: Ball
2-2: Ball
3-2: Foul Ball, location: 9LSF
3-2: Foul Ball, location: 2F
3-2: Foul Ball, location: 5FF
3-2: Foul Ball, location: 3FF
3-2: Fly out, F8 (Flyball, 78M, EV 95.0 MPH)
Batting: RHB Joe Champion 0-0: Ball
1-0: Ball
Wild Pitch!
Daniel Bryan to third
2-0: Called Strike
2-1: Called Strike
2-2: Fly out, F7 (Line Drive, 7, EV 97.5 MPH)
Bottom of the 3rd over - 1 run, 2 hits, 0 errors, 1 left on base; Geelong 0 - Wests 3
TOP OF THE 4TH
Geelong Cats batting - Pitching for Wests Tigers : RHP Matt Bracher
Batting: RHB Frederick Ella 0-0: Ball
1-0: Swinging Strike
1-1: Ball
2-1: DOUBLE (Line Drive, 3D, EV 107.5 MPH)
Batting: RHB Rusty Corey 0-0: Foul Ball, location: 2F
0-1: Ball
1-1: Foul Ball, location: 7LDF
1-2: Ball
2-2: Strikes out swinging
Batting: RHB Erik Lucking 0-0: Ball
1-0: Called Strike
1-1: Ball
2-1: Ball
3-1: Foul Ball, location: 23F
3-2: Foul Ball, location: 23F
3-2: Foul Ball, location: 23F
3-2: Ground out 6-3 (Groundball, 6, EV 103.1 MPH)
Batting: RHB Con Jackson 0-0: Called Strike
0-1: Called Strike
0-2: Strikes out looking
Top of the 4th over - 0 runs, 1 hit, 0 errors, 1 left on base; Geelong 0 - Wests 3
BOTTOM OF THE 4TH
Wests Tigers batting - Pitching for Geelong Cats : RHP Con Jackson
Batting: RHB Shane Esmond 0-0: Ball
1-0: Foul Ball, location: 3F
1-1: Ball
2-1: Called Strike
2-2: Fly out, F6 (Popup, 6MD, EV 71.3 MPH)
Batting: RHB Paul Llewellyn 0-0: Ball
1-0: SINGLE (Flyball, 78S, EV 95.6 MPH)
Batting: SHB Matt Bracher 0-0: Bunted foul
0-1: Sac Bunt to 3S - play at first, batter OUT! 3-1
Paul Llewellyn to second
Batting: RHB Luke Fowke 0-0: Ball
1-0: Called Strike
1-1: Ground out 1-3 (Groundball, 34S, EV 68.1 MPH)
Bottom of the 4th over - 0 runs, 1 hit, 0 errors, 1 left on base; Geelong 0 - Wests 3
TOP OF THE 5TH
Geelong Cats batting - Pitching for Wests Tigers : RHP Matt Bracher
Batting: LHB Bradley Patu 0-0: Called Strike
0-1: Ball
1-1: Ground out 4-3 (Groundball, 4M, EV 105.0 MPH)
Batting: RHB Brandon Horopapera 0-0: Ball
1-0: Swinging Strike
1-1: Ball
2-1: Foul Ball, location: 3DF
2-2: Ground out 4-3 (Groundball, 4, EV 90.6 MPH)
Batting: LHB Coty Teevan 0-0: Ball
1-0: Called Strike
1-1: Ground out U3 (Groundball, 34S, EV 83.1 MPH)
Top of the 5th over - 0 runs, 0 hits, 0 errors, 0 left on base; Geelong 0 - Wests 3
BOTTOM OF THE 5TH
Wests Tigers batting - Pitching for Geelong Cats : RHP Con Jackson
Batting: RHB Joel Farrell 0-0: SINGLE (Line Drive, 78S, EV 90.6 MPH)
Batting: LHB Greyson Leeder 0-0: Ball
1-0: Ball
2-0: Foul Ball, location: 2F
2-1: Ball
3-1: Called Strike
3-2: Strikes out looking
Batting: LHB Daniel Bryan 0-0: Ball
1-0: Grounds into double play, 3-6-3 (Groundball, 3, EV 110.6 MPH)
Bottom of the 5th over - 0 runs, 1 hit, 0 errors, 0 left on base; Geelong 0 - Wests 3
TOP OF THE 6TH
Geelong Cats batting - Pitching for Wests Tigers : RHP Matt Bracher
Batting: RHB Brian Telfer 0-0: Ball
1-0: Ball
2-0: Foul Ball, location: 2F
2-1: SINGLE (Flyball, 8LS, EV 91.9 MPH)
Batting: LHB Freddy Marley 0-0: Called Strike
0-1: Ball
1-1: Foul Ball, location: 2F
1-2: Foul Ball, location: 7LMFF
1-2: Grounds into double play, 4-6-3 (Groundball, 4, EV 80.0 MPH)
Batting: RHB Frederick Ella 0-0: Ball
1-0: Swinging Strike
1-1: Ground out 5-3 (Groundball, 56, EV 105.0 MPH)
Top of the 6th over - 0 runs, 1 hit, 0 errors, 0 left on base; Geelong 0 - Wests 3
BOTTOM OF THE 6TH
Wests Tigers batting - Pitching for Geelong Cats : RHP Con Jackson
Batting: LHB Rapata Kaulo 0-0: Ball
1-0: Foul Ball, location: 7LMF
1-1: Swinging Strike
1-2: Ball
2-2: Ball
3-2: SOLO HOME RUN (Flyball, 8RXD, EV 111.9 MPH), Distance : 465 ft
Batting: RHB Joe Champion 0-0: Ball
1-0: SINGLE (Line Drive, 6D, EV 99.4 MPH)
Batting: RHB Shane Esmond 0-0: Called Strike
0-1: Ball
1-1: DOUBLE (Groundball, 5L, EV 107.5 MPH)
Joe Champion to third
Batting: RHB Paul Llewellyn 0-0: Intentional Walk
Batting: SHB Matt Bracher 0-0: Grounds into fielders choice 5-2 (Groundball, 5, EV 105.6 MPH)
Shane Esmond to third
Paul Llewellyn to second
Batting: RHB Luke Fowke 0-0: Grounds into double play, 3-2-3 (Groundball, 34S, EV 70.6 MPH)
Bottom of the 6th over - 1 run, 3 hits, 0 errors, 2 left on base; Geelong 0 - Wests 4
TOP OF THE 7TH
Geelong Cats batting - Pitching for Wests Tigers : RHP Matt Bracher
Pitching: RHP Timothy Chapman
Batting: RHB Rusty Corey 0-0: Called Strike
0-1: Ball
1-1: Ball
2-1: Swinging Strike
2-2: Strikes out swinging
Batting: RHB Erik Lucking 0-0: Called Strike
0-1: Swinging Strike
0-2: Ball
1-2: Ball
2-2: Fly out, F9 (Line Drive, 9S, EV 105.0 MPH)
Pinch Hitting: LHB Nik Budge 0-0: Ball
1-0: Foul Ball, location: 2F
1-1: Swinging Strike
1-2: Foul Ball, location: 2F
1-2: Fly out, F5 (Line Drive, 5, EV 68.1 MPH)
Top of the 7th over - 0 runs, 0 hits, 0 errors, 0 left on base; Geelong 0 - Wests 4
BOTTOM OF THE 7TH
Wests Tigers batting - Pitching for Geelong Cats : RHP Con Jackson
Pitching: RHP Dominic Pyatt
Batting: RHB Joel Farrell 0-0: SINGLE (Line Drive, 6D, EV 97.5 MPH)
Batting: LHB Greyson Leeder 0-0: Called Strike
0-1: Ball
1-1: Swinging Strike
1-2: Strikes out swinging
Batting: LHB Daniel Bryan 0-0: Ball
1-0: Called Strike
1-1: Foul Ball, location: 7LMF
1-2: Foul Ball, location: 7LMF
1-2: Ball
2-2: Strikes out looking
Batting: LHB Rapata Kaulo 0-0: Foul Ball, location: 25F
0-1: Called Strike
0-2: Foul Ball, location: 25F
0-2: Ball
1-2: Ball
2-2: Ball
3-2: Foul Ball, location: 23F
3-2: Base on Balls
Joel Farrell to second
Batting: RHB Joe Champion 0-0: Ball
1-0: Ball
2-0: Called Strike
2-1: Fly out, F8 (Flyball, 8RXD, EV 111.9 MPH)
Bottom of the 7th over - 0 runs, 1 hit, 0 errors, 2 left on base; Geelong 0 - Wests 4
TOP OF THE 8TH
Geelong Cats batting - Pitching for Wests Tigers : RHP Timothy Chapman
Batting: LHB Bradley Patu 0-0: Ground out 6-3 (Groundball, 6MS, EV 81.9 MPH)
Batting: RHB Brandon Horopapera 0-0: Swinging Strike
0-1: Foul Ball, location: 2RF
0-2: Ball
1-2: Strikes out swinging
Batting: LHB Coty Teevan 0-0: Ground out 6-3 (Groundball, 6M, EV 85.0 MPH)
Top of the 8th over - 0 runs, 0 hits, 0 errors, 0 left on base; Geelong 0 - Wests 4
BOTTOM OF THE 8TH
Wests Tigers batting - Pitching for Geelong Cats : RHP Dominic Pyatt
Batting: RHB Shane Esmond 0-0: Called Strike
0-1: Fly out, F6 (Popup, P, EV 87.5 MPH)
Batting: RHB Paul Llewellyn 0-0: Ball
1-0: Ball
2-0: Swinging Strike
2-1: Ball
3-1: Foul Ball, location: 23F
3-2: Strikes out swinging
Pinch Hitting: LHB Graeme Sayer 0-0: Ball
1-0: Swinging Strike
1-1: Ground out 3-1 (Groundball, 13, EV 81.3 MPH)
Bottom of the 8th over - 0 runs, 0 hits, 0 errors, 0 left on base; Geelong 0 - Wests 4
TOP OF THE 9TH
Geelong Cats batting - Pitching for Wests Tigers : RHP Timothy Chapman
Pitching: RHP Frank Coughlan
Batting: RHB Brian Telfer 0-0: Called Strike
0-1: Foul Ball, location: 2F
0-2: Foul Ball, location: 9LSF
0-2: Ground out 4-3 (Groundball, 4, EV 100.0 MPH)
Batting: LHB Freddy Marley 0-0: Ball
1-0: Ball
2-0: Foul Ball, location: 7LMF
2-1: Called Strike
2-2: Ball
3-2: Ground out 4-3 (Groundball, 4, EV 90.0 MPH)
Batting: RHB Frederick Ella 0-0: Ball
1-0: Ball
2-0: Ball
3-0: Called Strike
3-1: Swinging Strike
3-2: Foul Ball, location: 2F
3-2: Foul Ball, location: 2F
3-2: SINGLE (Line Drive, 78M, EV 90.0 MPH)
Batting: RHB Rusty Corey 0-0: Fly out, F9 (Flyball, 89M, EV 91.9 MPH)
Top of the 9th over - 0 runs, 1 hit, 0 errors, 1 left on base; Geelong 0 - Wests 4
Saturday, May 4th , 2024 - OOTP Baseball 24.9 Build 80